 Dungeon Crawl Stone Soup version 0.31-a0-662-g684573625c (webtiles) character file.

Game seed: 4362736129393909738

6791 freelancePsychic the Destroyer (level 10, -1/96 HPs)
             Began as an Armataur Conjurer on Aug 31, 2023.
             Was a Priest of Vehumet.
             Slain by an ice devil (24 damage)
             ... on level 9 of the Dungeon.
             The game lasted 00:20:06 (10959 turns).

freelancePsychic the Destroyer (Armataur Conjurer) Turns: 10959, Time: 00:20:07

Health: -1/96      AC: 12    Str: 16    XL:     10   Next: 76%
Magic:  9/14       EV: 14    Int: 22    God:    Vehumet [***...]
Gold:   171        SH:  0    Dex:  9    Spells: 4/17 levels left

rFire   . . .        i - +3 long sword (elec)
rCold   . . .        (no shield)
rNeg    . . .        E - +5 robe of Misfortune {Harm *Corrode *Slow EV+5}
rPois   .            (no helmet)
rElec   .            m - +0 cloak
rCorr   .            D - +1 pair of gloves {Str+3}
SInv    .            (no barding)
Will    +....        (no amulet)
Stlth   +++          o - ring of willpower
HPRegen 0.36/turn    u - ring of wizardry
MPRegen 0.14/turn

%: corrode self (3%), slow self (1%), harm (+30% outgoing, +20% incoming), roll,
wizardry (x1)
@: no status effects
A: large, rugged brown scales 3, deformed body, armoured tail, roll, long
tongue, awkward tongue, low MP 1
a: Renounce Religion


You were on level 9 of the Dungeon.
You worshipped Vehumet.
Vehumet was most pleased with you.
You visited 2 branches of the dungeon, and saw 10 of its levels.
You also visited: Ossuary.

You collected 396 gold pieces.
You spent 225 gold pieces at shops.

Inventory:

Hand Weapons
 e - a +1 dagger
 i - a +3 long sword of electrocution (weapon)
Missiles
 k - a throwing net
Armour
 a - a +0 robe
 m - a +0 cloak (worn)
 D - a +1 pair of gloves of strength (worn)
 E - the +5 robe of Misfortune (worn) {Harm *Corrode *Slow EV+5}
   (You found it on level 8 of the Dungeon)

   EV+5:      It affects your evasion (+5).
   *Corrode:  It may corrode you when you take damage.
   *Slow:     It may slow you when you take damage.
   Harm:      It increases damage dealt and taken.
Jewellery
 c - a ring of flight
 g - an amulet of guardian spirit
 l - a +6 ring of strength
 o - a ring of willpower (left hand)
 u - a ring of wizardry (right hand)
Wands
 s - a wand of flame (25)
 C - a wand of mindburst (20)
Scrolls
 r - a scroll of enchant weapon
 v - 2 scrolls of amnesia
 w - a scroll of fear
 x - 2 scrolls of noise
 y - 3 scrolls of poison
 A - 5 scrolls of teleportation {@r4}
 B - a scroll of blinking
 G - a scroll of enchant armour {unknown}
 H - a scroll of revelation {unknown}
 I - a scroll of fog {unknown}
 J - a scroll of identify {@r1}
 K - a scroll of vulnerability {unknown}
Potions
 b - 3 potions of magic
 d - 2 potions of degeneration {unknown}
 f - 2 potions of resistance {unknown}
 h - 2 potions of lignification {unknown}
 j - a potion of brilliance {unknown}
 n - a potion of ambrosia {unknown}
 p - 2 potions of heal wounds {@q2}
 q - 4 potions of invisibility {unknown}
 t - 3 potions of mutation {unknown}
 z - 3 potions of curing {@q1}
 F - a potion of cancellation {unknown}


   Skills:
 + Level 8.6 Fighting
 - Level 1.3 Dodging
 - Level 5.0 Stealth
 + Level 4.4 Spellcasting
 - Level 9.0 Conjurations
 - Level 5.6 Hexes
 + Level 3.1 Transmutations
 + Level 1.6 Fire Magic
 * Level 2.5 Poison Magic


You had 4 spell levels left.
You knew the following spells:

 Your Spells              Type           Power      Damage    Failure   Level
a - Fulminant Prism       Conj/Hex       18%        3d10      1%          4
b - Searing Ray           Conj           88%        2d7       1%          2
c - Ignite Poison         Fire/Tmut/Pois 15%        N/A       1%          3
d - Olgreb's Toxic Radia  Pois           15%        N/A       4%          4

Your spell library contained the following spells:

 Spells                   Type           Power      Damage    Failure   Level
 Foxfire                  Conj/Fire      100%       2x1d9     1%          1
 Magic Dart               Conj           100%       1d8       1%          1
 Scorch                   Fire           22%        2d5       1%          2
 Dazzling Flash           Conj/Hex       74%        N/A       1%          3
 Flame Wave               Conj/Fire      28%        2d9       1%          4
 Iskenderun's Mystic Bla  Conj/Tloc      24%        2d7       2%          4
 Apportation              Tloc           8%         N/A       4%          1
 Alistair's Intoxication  Tmut/Pois      11%        N/A       34%         5
 Summon Cactus Giant      Summ           2%         N/A       99%         6


Dungeon Overview and Level Annotations

Branches:
Dungeon (9/15)             Temple (1/1) D:4         Ossuary (visited)
   Lair: D:8-11         Orc: D:9-12

Altars:
Ashenzari
Cheibriados
Dithmenos
Elyvilon
Fedhas
Gozag
Hepliaklqana
Kikubaaqudgha
Makhleb
Nemelex Xobeh
Okawaru
Qazlal
Ru
Sif Muna
Trog
Uskayaw
Vehumet
Wu Jian
Xom
Yredelemnul
Zin
The Shining One

Shops:
D:3 [   D:9 !:*(

Annotations:
D:4 exclusions: goblin and ice beast


Innate Abilities, Weirdness & Mutations

You are completely covered in rugged brown scales. (AC +3, +7% HP)
Armour fits poorly on your strangely shaped body.
You have a long armoured tail.
You roll when moving toward enemies. (Rampage)
Your long tongue fully drains potion bottles. (2x potion effects)
Your tongue gives you trouble enunciating. (1.5x scroll delay)
Your magical capacity is low. (-10% MP)


Message History

The steam dragon barely misses you.
The steam dragon claws you but does no damage.
You slash the steam dragon!
You punch the steam dragon, but do no damage.
The steam dragon is almost dead.
The steam dragon barely misses you. The steam dragon closely misses you. x2
The steam dragon claws you.
Casting: Fulminant Prism (mildly dangerous; 1% risk of failure)
Confirm with . or Enter, or press ? or * to list all spells.
Aiming: Fulminant Prism (mildly dangerous; 1% risk of failure)
Press: ? - help, Dir - move target You conjure a prism of explosive energy!
A fulminant prism comes into view.
The ice devil hits you but does no damage.
The steam dragon misses you.
The steam dragon claws you but does no damage.
You hit the steam dragon but do no damage.
Your tail-slap misses the steam dragon.
The steam dragon is almost dead.
The ice devil barely misses you.
The steam dragon bites you but does no damage.
The steam dragon barely misses you.
Your fulminant prism crackles loudly.
You closely miss the steam dragon.
The steam dragon is almost dead.
The ice devil hits you. The ice devil freezes you!!
The steam dragon breathes steam at you. The ball of steam hits you!
Your fulminant prism explodes!
The blast of energy engulfs the steam dragon!!
You kill the steam dragon!
Vehumet accepts your kill.
You feel your power returning.
The steam dragon scales are intact enough to wear.
The blast of energy engulfs the ice devil!!
The ice devil is severely wounded.
The ice devil hits you!
* * * LOW HITPOINT WARNING * * *
The ice devil freezes you!!
You die...

.........######
#.####..## #.# #.##
########## #.# #.#
###........### #.# #.#
####............#.# #.#
#.###......####.......#
#>#
#.##.....######..##...#
#.#
#.##.######ยง.##..###
## # ..#
#.##.####..@.##....## .
###
#.....##...[4###.)).##
#..####...#..# ###)..#
.....# ##..##.....
##))## #####.#
#...##...... #..)# #[#
#..##[......$##..# #.#
#..# ...88... #..# #.#
#..# ...88... #..# #
#.# #..##).4.... ##..#
.


You could see an ice devil.

Vanquished Creatures
  A two-headed ogre (D:9)
  Pikel (D:5)
  An ice devil (D:9)
  A troll (D:9)
  A hellwing (D:9)
  A wyvern (D:9)
  A wraith (D:9)
  2 neqoxecs (D:9)
  2 chaos spawn (D:9)
  2 steam dragons
  3 water moccasins
  An acid dragon (D:9)
  2 black bears
  2 orc warriors
  6 sky beasts
  3 centaurs
  4 lemures (D:5)
  A phantom (D:6)
  Blork the orc (D:5)
  3 gnoll sergeants
  2 bullfrogs (D:8)
  6 scorpions
  5 wights
  5 killer bees (D:9)
  2 jellies
  6 hounds
  A gnoll bouda (D:7)
  4 orc priests
  A sleepcap (D:5)
  Ijyb (D:4)
  An iguana (D:5)
  15 orc wizards
  24 gnolls
  11 adders
  A shadow imp (D:6)
  A white imp (D:7)
  5 adder zombies (Ossuary)
  2 worms (D:3)
  5 dart slugs
  47 orcs
  4 ball pythons
  8 endoplasms
  6 goblins
  5 hobgoblins
  3 quokkas
  2 ball python skeletons (Ossuary)
  4 bats
  2 frilled lizards (D:1)
  A hobgoblin zombie (Ossuary)
  6 kobolds
  An orc skeleton (Ossuary)
  4 rats
230 creatures vanquished.

Vanquished Creatures (others)
  A butterfly (D:5)
  30 fulminant prisms
31 creatures vanquished.

Grand Total: 261 creatures vanquished

Notes
Turn   | Place    | Note
-------+----------+-------------------------------------------
     0 | D:1      | freelancePsychic the Armataur Conjurer began the quest for
                  | the Orb.
     0 | D:1      | Reached XP level 1. HP: 14/14 MP: 3/3
   322 | D:1      | Reached XP level 2. HP: 17/21 MP: 5/5
   357 | D:1      | Learned a level 2 spell: Searing Ray
   996 | D:2      | Reached skill level 4 in Conjurations
  1138 | D:2      | Reached XP level 3. HP: 25/28 MP: 6/6
  1177 | D:2      | Reached skill level 1 in Fighting
  1570 | D:2      | Reached XP level 4. HP: 35/37 MP: 7/7
  2199 | D:3      | Found Riewisso's Antique Armour Emporium.
  2307 | D:3      | Reached XP level 5. HP: 39/43 MP: 4/8
  2617 | D:3      | Found a faded altar of an unknown god.
  2624 | D:3      | Got Plato's Tome of Pyromancy
  2882 | D:3      | Found an ornate altar of the Wu Jian Council.
  2897 | D:3      | Found a sacrificial altar of Ru.
  3016 | D:3      | Found an iron altar of Okawaru.
  3046 | D:3      | Found a glowing golden altar of the Shining One.
  3072 | D:3      | Found a glowing silver altar of Zin.
  3292 | D:4      | Reached XP level 6. HP: 27/53 MP: 3/9
  3413 | D:4      | Found a shadowy altar of Dithmenos.
  3508 | D:4      | Noticed an ice beast
  3563 | D:4      | Reached skill level 5 in Conjurations
  3567 | D:4      | Reached skill level 5 in Stealth
  3702 | D:4      | Noticed Ijyb
  3726 | D:4      | Reached XP level 7. HP: 60/60 MP: 4/10
  3732 | D:4      | Killed Ijyb
  3955 | D:4      | Found a staircase to the Ecumenical Temple.
  3972 | Temple   | Entered the Ecumenical Temple
  4000 | Temple   | Became a worshipper of Vehumet
  4109 | D:4      | Found a burning altar of Makhleb.
  4295 | D:5      | Entered Level 5 of the Dungeon
  4500 | D:5      | Reached skill level 6 in Conjurations
  4561 | D:5      | Found a snail-covered altar of Cheibriados.
  4608 | D:5      | Noticed Pikel
  4630 | D:5      | Found a sand-covered staircase.
  4638 | Ossuary  | Entered an ossuary
  4795 | Ossuary  | Reached skill level 5 in Fighting
  4910 | Ossuary  | Noticed a flying skull
  4910 | Ossuary  | Noticed a wraith
  4923 | Ossuary  | Noticed a flying skull
  4947 | Ossuary  | Noticed a flying skull
  4955 | Ossuary  | Noticed a flying skull
  4956 | Ossuary  | Noticed a wraith
  5164 | D:5      | Learned a level 4 spell: Fulminant Prism
  5186 | D:5      | Reached * piety under Vehumet
  5186 | D:5      | Offered knowledge of Sandblast by Vehumet.
  5212 | D:5      | Reached skill level 1 in Hexes
  5212 | D:5      | Reached XP level 8. HP: 35/72 MP: 0/11
  5771 | D:5      | Noticed Blork the orc
  5778 | D:5      | Killed Blork the orc
  5843 | D:5      | Found a white marble altar of Elyvilon.
  5956 | D:5      | Killed Pikel
  6420 | D:6      | Reached skill level 7 in Conjurations
  6796 | D:6      | Reached XP level 9. HP: 67/83 MP: 6/13
  7184 | D:3      | Bought a pair of runed gloves for 225 gold pieces
  7740 | D:7      | Reached ** piety under Vehumet
  7822 | D:6      | Offered knowledge of Shock by Vehumet.
  8024 | D:7      | Reached skill level 8 in Conjurations
  8024 | D:7      | Reached skill level 5 in Hexes
  8906 | D:8      | Offered knowledge of Ignite Poison by Vehumet.
  8911 | D:8      | Learned a level 3 spell: Ignite Poison
  9165 | D:8      | Found a hide-covered altar of Uskayaw.
  9240 | D:8      | Reached *** piety under Vehumet
  9520 | D:8      | Found the +5 robe of Misfortune {Harm *Corrode *Slow EV+5}
  9530 | D:8      | Reached XP level 10. HP: 83/91 MP: 8/14
  9653 | D:9      | Reached skill level 1 in Transmutations
  9877 | D:9      | Noticed a two-headed ogre
  9889 | D:9      | Killed a two-headed ogre
 10341 | D:9      | Found Yzatsuo's Assorted Antiques.
 10342 | D:9      | Found Cego's Weapon Emporium.
 10342 | D:9      | Found Zetoipyn's Book Emporium.
 10346 | D:9      | Offered knowledge of Olgreb's Toxic Radiance by Vehumet.
 10347 | D:9      | Reached skill level 9 in Conjurations
 10387 | D:9      | Found Raqo's Distillery.
 10403 | D:9      | Learned a level 4 spell: Olgreb's Toxic Radiance
 10676 | D:9      | Reached skill level 1 in Poison Magic
 10704 | D:9      | Gained mutation: Your magical capacity is low. (-10% MP) [a
                  | neqoxec]
 10725 | D:9      | Reached skill level 1 in Fire Magic
 10959 | D:9      | Slain by an ice devil

Illustrated notes

Levels and vault maps discovered:
D:1:      ldierk_walled_garden_2, layout_basic, minmay_misc_feat_secret_circle
D:2:      layout_loops_ring, nicolae_grassy_gnolls
D:3:      layout_loops_corners, mainiacjoe_overflow_alcove_4,
          nicolae_overflow_quartered_altars,
          shapermc_ecumenical_altar_rom_forum, serial_shops, shop
D:4:      layout_basic, makhleb_heckhound_becter,
          nicolae_dithmenos_through_a_glass_darkly,
          minmay_temple_entry_glassed_door, uniq_ijyb
D:5:      layout_basic, nicolae_elyvilon_peaceful_grove, cheibriados_altar_1,
          enter_ossuary_1, uniq_pikel, uniq_blork_the_orc
D:6:      layout_cave_pools
D:7:      layout_basic
D:8:      layout_basic, marbit_many_paths
D:9:      layout_loops_ring, minivault_16, minmay_shop_grid_forest, st_stairs_1,
          solitary_fountain, nicolae_neqoxec_dot_bat
Temple:   nicolae_temple_hex_pool

Skill      XL: |  1  2  3  4  5  6  7  8  9 10 |
---------------+-------------------------------+-----
Spellcasting   | 2 3 4 |  4.4
Stealth        | 3 4 5 |  5.0
Conjurations   | 4 5 6 7 8 9 |  9.0
Fighting       | 1 2 3 5 6 7 8 |  8.6
Hexes          | 1 3 5 |  5.6
Transmutations | 3 |  3.1
Poison Magic   | 2 |  2.5
Fire Magic     | 1 |  1.6
Dodging        | |  1.3

Action                     |  1- 3 |  4- 6 |  7- 9 | 10-12 || total
---------------------------+-------+-------+-------+-------++-------
  Melee: Dagger            |    40 |    53 |       |       ||    93
         Tailslap          |     8 |    11 |    20 |     6 ||    45
         Long sword        |       |    40 |   199 |    49 ||   288
         Punch             |       |       |     6 |     2 ||     8
   Cast: Magic Dart        |    18 |       |       |       ||    18
         Searing Ray       |     6 |    12 |    48 |    14 ||    80
         Fulminant Prism   |       |       |    14 |    16 ||    30
         Olgreb's Toxic Ra |       |       |       |     4 ||     4
         Ignite Poison     |       |       |       |     3 ||     3
    Use: Scroll            |       |     4 |     7 |     1 ||    12
         Potion            |       |     3 |     3 |       ||     6
   Stab: Sleeping          |     3 |     3 |     8 |       ||    14
 Armour: Robe              |    19 |   105 |   290 |    94 ||   508
  Dodge: Dodged            |    17 |    44 |   134 |    97 ||   292

Table legend: (Time is in decaauts)
 A = Elapsed time spent in this place.
 B = Non-inter-level travel time spent in this place.
 C = Inter-level travel time spent in this place.
 D = Time resting spent in this place.
 E = Time spent auto-exploring this place.
 F = Levels seen in this place.
 G = Mean time per level.
                   A        B        C        D        E       F      G
               +--------+--------+--------+--------+--------+-----+--------+
         Total |  11073 |  10459 |    614 |    158 |   8571 |  11 | 1006.6 |
       Dungeon |  10628 |  10069 |    559 |    158 |   8308 |   9 | 1180.9 |
        Temple |     56 |      2 |     54 |      0 |      0 |   1 |   56.0 |
       Ossuary |    388 |    388 |      0 |      0 |    263 |   1 |  388.0 |
               +--------+--------+--------+--------+--------+-----+--------+

Top non-repeatable levels by time:
     D:5: 1584 daAuts
     D:9: 1339 daAuts
     D:4: 1326 daAuts
     D:3: 1322 daAuts
     D:8: 1106 daAuts
     D:6: 1090 daAuts
     D:7: 999 daAuts
     D:1: 961 daAuts
     D:2: 899 daAuts
 Ossuary: 388 daAuts
  Temple: 56 daAuts
